 Dungeon Crawl Stone Soup version 0.29-a0-222-g5b244fca1f (webtiles) character file.

Game seed: 716416672457569667

772 Morbidden the Conjurer (level 7, 57/57 HPs)
             Began as a Purple Draconian Conjurer on Feb 27, 2022.
             Quit the game on level 5 of the Dungeon.
             The game lasted 00:07:26 (5326 turns).

Morbidden the Conjurer (Purple Draconian Conjurer)  Turns: 5326, Time: 00:07:27

Health: 57/57      AC:  8    Str:  9    XL:     7   Next: 53%
Magic:  15/15      EV: 12    Int: 20    God:
Gold:   290        SH:  0    Dex: 10    Spells: 10/17 levels left

rFire   . . .      SeeInvis .   a - staff of conjuration
rCold   . . .      Faith    .   (no shield)
rNeg    . . .      Spirit   .   (body armour unavailable)
rPois   .          Reflect  .   y - +1 hat
rElec   .          Harm     .   (no cloak)
rCorr   .          Rampage  .   (no gloves)
Will    +....                   F - +0 pair of boots
Stlth   ++........              i - amulet of regeneration
HPRegen 0.99/turn               (no ring)
MPRegen 0.14/turn               (no ring)

@: no status effects
A: breathe power, AC +6, unfitting armour, cold-blooded
a: Breathe Dispelling Energy


You were on level 5 of the Dungeon.
You visited 1 branch of the dungeon, and saw 5 of its levels.

You collected 290 gold pieces.

Inventory:

Hand Weapons
 b - a +2 dagger of venom
 l - a +2 short sword of draining
Missiles
 h - 11 poisoned darts (quivered)
 w - 4 curare-tipped darts
 x - 3 boomerangs
Armour
 y - a +1 hat (worn)
 F - a +0 pair of boots (worn)
Magical Staves
 a - a staff of conjuration (weapon)
 g - a staff of air
Jewellery
 d - an amulet of reflection
 i - an amulet of regeneration (around neck)
Wands
 z - a wand of digging (5)
 A - a wand of iceblast (9)
Scrolls
 e - 6 scrolls of vulnerability {unknown}
 j - 5 scrolls of teleportation {unknown}
 m - a scroll of immolation {unknown}
 n - a scroll of torment {unknown}
 o - a scroll of amnesia {unknown}
 q - 6 scrolls of identify {unknown}
 s - 2 scrolls of fear {unknown}
 t - a scroll of noise {unknown}
 u - a scroll of silence {unknown}
 v - a scroll of holy word {unknown}
 D - a scroll of enchant armour {unknown}
Potions
 c - 3 potions of lignification {unknown}
 f - 3 potions of heal wounds {unknown}
 k - a potion of degeneration {unknown}
 p - 6 potions of curing {unknown}
 r - 2 potions of resistance {unknown}
 B - 2 potions of attraction {unknown}
 C - 2 potions of might {unknown}
 E - a potion of mutation {unknown}


   Skills:
 * Level 3.0 Fighting
 + Level 1.1 Short Blades
 + Level 0.3 Throwing
 + Level 2.2 Dodging
 + Level 2.5 Stealth
 + Level 0.3 Shields
 * Level 5.6 Spellcasting
 * Level 6.5 Conjurations
 * Level 1.0 Translocations


You had 10 spell levels left.
You knew the following spells:

 Your Spells              Type           Power      Damage    Failure   Level
a - Magic Dart            Conj           100%       1d8       1%          1
b - Searing Ray           Conj           94%        2d7       1%          2
c - Iskenderun's Mystic   Conj/Tloc      31%        2d8       22%         4

Your spell library contained the following spells:

 Spells                   Type           Power      Damage    Failure   Level
 Dazzling Flash           Conj/Hex       56%        N/A       9%          3
 Fulminant Prism          Conj/Hex       14%        3d9       28%         4


Dungeon Overview and Level Annotations

Branches:
Dungeon (5/15)
 Temple: D:4-7

Altars:

Shops:
D:4 *[!=   D:5 ?

Annotations:
D:3 1 runed translucent door, Crazy Yiuf


Innate Abilities, Weirdness & Mutations

You can breathe bolts of dispelling energy.
Your rich purple scales are hard. (AC +6)
You cannot fit into any form of body armour.
You are cold-blooded and may be slowed by cold attacks.


Message History

Confirm with . or Enter, or press ? or * to list all spells.
You can't see any susceptible monsters within range! (Use Z to cast anyway.)
Casting: Searing Ray (safe; 1% risk of failure)
Confirm with . or Enter, or press ? or * to list all spells.
You can't see any susceptible monsters within range! (Use Z to cast anyway.) Unknown command.
Casting: Searing Ray (safe; 1% risk of failure)
Confirm with . or Enter, or press ? or * to list all spells.
You can't see any susceptible monsters within range! (Use Z to cast anyway.) Unknown command.
You see here a +0 giant club.
You see here an orb of guile.
You see here a +0 giant club.
You see here a +0 pair of boots.
F - a +0 pair of boots You have got your breath back.
You start putting on your armour.
You continue putting on your +0 pair of boots. x4
You finish putting on your +0 pair of boots.
Unknown command.
You see here a +0 giant club.
You see here an orb of guile.
Press: ? - help, v - describe, . - travel, g - get item Item here: an orb of guile.
The floor.
Okay, then.
j - 5 scrolls labelled RIMUAXZUMU (gained 1)
B - 2 fuming grey potions (gained 1)
You now have 290 gold pieces (gained 17).
Found Oham's Magic Scroll Boutique.
Found a stone staircase leading down.
Casting: Searing Ray (safe; 1% risk of failure)
Confirm with . or Enter, or press ? or * to list all spells.
You can't see any susceptible monsters within range! (Use Z to cast anyway.) Key pressed, stopping explore.
Casting: Searing Ray (safe; 1% risk of failure)
Confirm with . or Enter, or press ? or * to list all spells.
You can't see any susceptible monsters within range! (Use Z to cast anyway.)
There is an entrance to Oham's Magic Scroll Boutique here.
Are you sure you want to abandon this character and quit the game? (Confirm with "yes".)

................ .....
................ .....
................ .....
....#........... .....
....#...<#...... .....
###.##.#+#.....#+# ..#..
.............#.#.#.#...... ....
.............+.#.#.#...... ....
##...........#.#@#........ ....
##...........#...#........ ....
##...........#...#........ ....
.#..##.........#>#........ ....
.##.##.........#.#........ ....
......####.....#.#...............
.##...# ##....#+#.#..........##.
.#....########.....#.......... #.
##..........##.....#..........##.


There were no monsters in sight!

Vanquished Creatures
  A sky beast (D:5)
  2 black bears
  A necrophage (D:4)
  An ogre (D:5)
  An orc priest (D:4)
  3 orc wizards
  Robin (D:3)
  6 adders
  3 gnolls (D:4)
  A worm (D:2)
  2 dart slugs
  12 orcs
  6 ball pythons
  4 bats
  9 endoplasms
  2 giant cockroaches
  13 goblins
  7 hobgoblins
  11 jackals
  4 quokkas
  2 frilled lizards (D:1)
  8 kobolds
  3 rats
103 creatures vanquished.

Notes
Turn   | Place    | Note
-------+----------+-------------------------------------------
     0 | D:1      | Morbidden the Draconian Conjurer began the quest for the
                  | Orb.
     0 | D:1      | Reached XP level 1. HP: 14/14 MP: 3/3
   161 | D:1      | Reached XP level 2. HP: 20/20 MP: 3/5
   196 | D:1      | Learned a level 2 spell: Searing Ray
   461 | D:1      | Found a faded altar of an unknown god.
   723 | D:1      | Reached XP level 3. HP: 26/26 MP: 3/6
  1710 | D:2      | Noticed a black bear
  2047 | D:2      | Killed a black bear
  2048 | D:2      | Reached skill level 1 in Fighting
  2048 | D:2      | Reached skill level 5 in Conjurations
  2048 | D:2      | Reached XP level 4. HP: 32/35 MP: 1/8
  2048 | D:2      | Reached XP level 5. HP: 36/40 MP: 1/9
  2161 | D:2      | Identified the +1 robe of Dyrpheim {rPois rC+ rCorr}
  2766 | D:3      | Found a runed translucent door.
  2767 | D:3      | Noticed Crazy Yiuf
  3053 | D:3      | Noticed Robin
  3055 | D:3      | Killed Robin
  3165 | D:3      | You fall into a shaft and drop 2 floors!
  3165 | D:5      | Entered Level 5 of the Dungeon
  3318 | D:4      | Noticed a necrophage
  3322 | D:4      | Killed a necrophage
  3323 | D:4      | Reached XP level 6. HP: 47/48 MP: 5/11
  3811 | D:4      | Reached skill level 6 in Conjurations
  3899 | D:4      | Found Piqet's Jewellery Emporium.
  4045 | D:4      | Found Doov's Antique Armour Shop.
  4285 | D:4      | Found Dainti Sury's Elemental Accessories.
  4515 | D:4      | Identified the +1 robe of Inviolability {rCorr Str+4
                  | Slay+2}
  4598 | D:4      | Found Jeur's Distillery.
  4625 | D:4      | Reached skill level 1 in Short Blades
  4887 | D:4      | Learned a level 4 spell: Iskenderun's Mystic Blast
  4940 | D:5      | Your scales start taking on a rich purple colour.
  4940 | D:5      | Reached skill level 5 in Spellcasting
  4940 | D:5      | Reached XP level 7. HP: 56/56 MP: 7/14
  5203 | D:5      | Reached skill level 1 in Translocations
  5319 | D:5      | Found Oham's Magic Scroll Boutique.
  5326 | D:5      | Quit the game

Illustrated notes

Levels and vault maps discovered:
D:1:      lemuel_arrival_behind_the_door_large, layout_basic,
          chequers_ecumenical_altar_simple_redux
D:2:      layout_basic
D:3:      layout_rooms, kennysheep_cross_bottleneck, patterned_corridor,
          uniq_robin, uniq_crazy_yiuf_cottage
D:4:      layout_basic, serial_shops, nicolae_diamond_shop, shop, shop,
          hangedman_decor_lopped, nicolae_elemental_shop,
          kennysheep_generic_room_16
D:5:      layout_basic, serial_shops, nicolae_shop_hallway_stairs,
          interstate_on_off, minmay_statues_item, chequers_jeans

Skill      XL: |  1  2  3  4  5  6  7 |
---------------+----------------------+-----
Fighting       | 1 2 3 |  3.0
Dodging        | 2 |  2.2
Stealth        | 2 |  2.5
Spellcasting   | 3 5 |  5.6
Conjurations   | 5 6 |  6.5
Short Blades   | 1 |  1.1
Translocations | 1 |  1.0
Throwing       | |  0.3
Shields        | |  0.3

Action                   |  1- 3 |  4- 6 |  7- 9 || total
-------------------------+-------+-------+-------++-------
Melee: Short sword       |    12 |     2 |       ||    14
       Tailslap          |     2 |     2 |       ||     4
       Staff             |       |     5 |       ||     5
       Dagger            |       |     8 |       ||     8
Throw: Dart              |       |     9 |       ||     9
 Cast: Magic Dart        |    66 |   100 |     7 ||   173
       Searing Ray       |     1 |     9 |     3 ||    13
 Abil: Breathe Dispellin |       |       |     1 ||     1
 Stab: Sleeping          |     1 |       |       ||     1
Armor: Skin              |    10 |    10 |       ||    20
Dodge: Dodged            |     7 |    29 |     1 ||    37
Block: Other             |     1 |    10 |       ||    11

Table legend: (Time is in decaauts)
 A = Elapsed time spent in this place.
 B = Non-inter-level travel time spent in this place.
 C = Inter-level travel time spent in this place.
 D = Time resting spent in this place.
 E = Time spent auto-exploring this place.
 F = Levels seen in this place.
 G = Mean time per level.
                   A        B        C        D        E       F      G
               +--------+--------+--------+--------+--------+-----+--------+
         Total |   5324 |   5064 |    260 |      0 |   4386 |   5 | 1064.8 |
       Dungeon |   5324 |   5064 |    260 |      0 |   4386 |   5 | 1064.8 |
               +--------+--------+--------+--------+--------+-----+--------+

Top non-repeatable levels by time:
     D:1: 1418 daAuts
     D:4: 1242 daAuts
     D:3: 1148 daAuts
     D:2: 1037 daAuts
     D:5: 478 daAuts
